 Dungeon Crawl Stone Soup version 0.30.0-29-ga12c61a403 (webtiles) character file.

Game seed: 7705568225317591988

15 Ijustatesigmund the Digger (level 2, -1/17 HPs)
             Began as an Octopode Earth Elementalist on June 16, 2023.
             Slain by an endoplasm (2 damage)
             ... on level 3 of the Dungeon.
             The game lasted 00:00:34 (165 turns).

Ijustatesigmund the Digger (OpEE)                    Turns: 165, Time: 00:00:35

Health: -1/17      AC:  1    Str:  7    XL:     2   Next: 50%
Magic:  5/5        EV: 10    Int: 17    God:
Gold:   35         SH:  0    Dex: 12    Spells: 4/5 levels left

rFire   . . .        (no weapon)
rCold   . . .        (no shield)
rNeg    . . .        (helmet restricted)
rPois   .            (no amulet)
rElec   .            (no ring)
rCorr   .            (no ring)
SInv    .            (no ring)
Will    .....        (no ring)
Stlth   +++          (no ring)
HPRegen 0.22/turn    (no ring)
MPRegen 0.09/turn    (no ring)
                     (no ring)

%: no passive effects
@: constricted
A: almost no armour, amphibious, 8 rings, camouflage 1, gelatinous body 1,
(nimble swimmer 1), tentacles
a: no special abilities


You were on level 3 of the Dungeon.
You visited 1 branch of the dungeon, and saw 3 of its levels.

You collected 35 gold pieces.

Inventory:

Scrolls
 b - a scroll of fear {unknown}
Potions
 a - a potion of magic


   Skills:
 + Level 2.2 Dodging
 + Level 3.1 Stealth
 + Level 2.2 Spellcasting
 + Level 1.3 Transmutations
 + Level 3.1 Earth Magic


You had 4 spell levels left.
You knew the following spells:

 Your Spells              Type           Power      Damage    Failure   Level
a - Sandblast             Erth           24%        2d8       5%          1

Your spell library contained the following spells:

 Spells                   Type           Power      Damage    Failure   Level
 Passwall                 Tmut/Erth      7%         N/A       12%         2
 Slow                     Hex            4%         N/A       19%         1
 Stone Arrow              Conj/Erth      14%        3d7       30%         3
 Confusing Touch          Hex            1%         N/A       50%         3
 Vampiric Draining        Necr           1%         2d6       50%         3
 Petrify                  Tmut/Erth      9%         N/A       58%         4


Dungeon Overview and Level Annotations

Branches:
Dungeon (3/15)

Altars:


Innate Abilities, Weirdness & Mutations

You cannot wear most types of armour.
You are amphibious.
You can wear up to eight rings at the same time.
Your skin changes colour to match your surroundings (Stealth+).
Your rubbery body absorbs attacks. (AC +1, EV +1)
((You are camouflaged when in or above water. (Stealth+)))
You have tentacles for arms and can constrict up to eight enemies at once.


Message History

Found 2 scrolls labelled RUJ PIEGAXUQ and 15 gold pieces.
Found a stone staircase leading down.
The adder hisses angrily.
The goblin shouts!
You hear an angry hiss.
A ball python comes into view.
The ball python hisses angrily.
The endoplasm quivers.
The adder misses you.
You tentacle-slap the adder. Your grab misses the adder.
The adder is moderately wounded.
The adder bites you.
You are poisoned.
The adder poisons you! The goblin barely misses you.
You tentacle-slap the adder but do no damage.
You grab the adder. Your squeeze misses the adder.
The adder is moderately wounded.
You constrict the adder.
You feel sick. The adder closely misses you. x2
The goblin barely misses you.
You tentacle-slap the adder. You squeeze the adder.
You kill the adder!
You feel sick. The ball python closely misses you.
The ball python barely misses you. The goblin barely misses you.
Your Stealth skill increases to level 3!
You have reached level 2!
You tentacle-slap the endoplasm.
The endoplasm is moderately wounded.
You feel sick.
The ball python bites you but does no damage.
The ball python grabs you. The ball python constricts you.
The endoplasm barely misses you. The goblin hits you with a +0 dagger.
* * * LOW HITPOINT WARNING * * *
You tentacle-slap the endoplasm.
The endoplasm is severely wounded.
You feel sick.
You are no longer poisoned.
The ball python bites you.
* * * LOW HITPOINT WARNING * * *
The ball python constricts you.
* * * LOW HITPOINT WARNING * * *
The endoplasm hits you.
You die...

#.........###.#
#.......### ..#
#...##### .##
#...# ..
########...# .#
#.....)...## ..
...#######.#
####.## #...@g#
#....JS.>....
#.............
#.............
.?..!!.........
##.............
#.....$.......
#.............


You could see an endoplasm, a goblin and a ball python.

Vanquished Creatures
  An adder (D:3)
  An orc (D:3)
  A hobgoblin (D:3)
  3 frilled lizards
  A rat (D:2)
7 creatures vanquished.

Notes
Turn   | Place    | Note
-------+----------+-------------------------------------------
     0 | D:1      | Ijustatesigmund the Octopode Earth Elementalist began the
                  | quest for the Orb.
     0 | D:1      | Reached XP level 1. HP: 11/11 MP: 3/3
   164 | D:3      | Reached XP level 2. HP: 11/17 MP: 5/5
   165 | D:3      | Slain by an endoplasm

Illustrated notes

Levels and vault maps discovered:
D:1:      lightli_iron_boxes, layout_basic
D:2:      layout_basic
D:3:      layout_rooms, marbit_many_paths, serial_shops,
          nicolae_shop_real_fake_doors

Skill      XL: |  1 |
---------------+----+-----
Stealth        | 3 |  3.1
Dodging        | |  2.2
Spellcasting   | |  2.2
Transmutations | |  1.3
Earth Magic    | |  3.1

Action                     || total
---------------------------++-------
  Melee: Unarmed           ||    23
         Constrict         ||     7
         Tentacles         ||     5
 Armour: Skin              ||     3
  Dodge: Dodged            ||    20
